Map: Cidade Submersa

Players

IagoAbreu

  • Race: Zerg Zerg
  • League: Silver
  • Spawn Location: 6:00

Matt

  • Race: Terran Terran
  • League: Silver
  • Spawn Location: 6:00

NicolasAL

  • Race: Terran Terran
  • Spawn Location: 12:00

DjCG

  • Race: Protoss Protoss
  • Spawn Location: 12:00

VOD

Have the link to the VOD?

Description

Time

  • Played on: May 15, 2018, 1:18 p.m.
  • Length: 28:01
Show
View Real Time Build Order
Export as new Build Order

IagoAbreu Zerg 

Build Orders: Pool First 

Get SALT Encoding   

  12  0:01  Drone  
  13  0:13  Overlord  
  13  0:18  Drone  
  14  0:23  Extractor  
  13  0:30  Extractor  
  13  0:31  Drone  
  13  0:32  Drone  
  14  0:54  Spawning Pool  
  13  1:00  Drone x2  
  13  1:02  Drone  
  16  1:13  Evolution Chamber  
  16  1:17  Drone  
  16  1:27  Drone  
  17  1:45  Drone  
  17  1:46  Roach Warren  
  17  1:50  Drone  
  18  2:00  Zerg Missile Weapons Level 1  
  18  2:04  Drone  
  19  2:18  Queen  
  21  2:28  Overlord  
  21  2:29  Drone  
  22  2:52  Roach  
  22  2:53  Roach x2  
  28  3:20  Overlord  
  28  3:40  Roach  
  30  3:42  Overlord  
  30  3:43  Overlord  
  32  4:03  Roach x2  
  32  4:07  Zerg Ground Armor Level 1  
  34  4:10  Lair  
  34  4:22  Roach x4  
  42  4:37  Hatchery  
  41  4:42  Drone  
  41  4:43  Drone  
  41  4:44  Drone  
  44  4:54  Roach  
  44  4:58  Overlord  
  46  5:20  Burrow  
  46  5:25  Roach x4  
  46  5:27  Overlord  
  46  5:28  Overlord  
  54  5:38  Tunneling Claws  
  54  6:00  Drone  
  55  6:06  Queen  
  55  6:11  Zerg Missile Weapons Level 2  
  57  6:23  Extractor  
  57  6:25  Drone x3  
  59  6:33  Drone x2  
  59  6:34  Drone  
  62  6:59  Glial Reconstitution  
  62  7:04  Roach x7  
  76  7:09  Roach x15, Overlord  
  76  7:10  Overlord  
  76  7:14  Overlord  
  76  7:50  Drone  
  77  7:55  Drone x4  
  79  8:39  Pneumatized Carapace  
  79  8:46  Roach x4  
  79  8:47  Roach  
  99  8:50  Overlord  
  77  9:03  Roach x26  
  73  9:33  Queen  
  75  9:44  Hatchery  
  74  9:50  Queen  
  76  10:30  Roach x7  
  76  10:31  Roach x5  
  100  10:46  Overseer  
  100  11:16  Zerg Ground Armor Level 2  
  100  11:49  Roach x2  
  100  11:50  Roach  
  100  11:52  Overlord x5  
  106  12:02  Roach x11  
  106  12:03  Roach x4  
  106  12:08  Roach x5  
  66  12:53  Roach x2  
  66  12:54  Roach x12  
  66  12:55  Roach x8  
  110  13:07  Roach  
  110  13:39  Ravager x4  
  110  13:40  Ravager x7  
  110  13:41  Ravager x5  
  108  14:03  Drone x2  
  108  14:04  Infestation Pit, Drone x3  
  108  14:07  Drone x4  
  116  14:11  Roach  
  118  14:31  Extractor  
  117  14:36  Drone x3  
  120  14:48  Queen  
  113  15:13  Drone x5  
  118  15:14  Queen  
  120  15:29  Hive  
  120  15:56  Ravager x2  
  125  15:57  Ravager x6  
  128  16:48  Spore Crawler  
  128  16:50  Hatchery  
  126  16:55  Zerg Missile Weapons Level 3  
  126  17:01  Roach x4  
  126  17:02  Roach x2, Overlord x3  
  126  17:03  Overlord x4  
  85  18:51  Roach x2  
  85  18:52  Roach x11  
  85  18:53  Roach x11  
  80  19:08  Queen  
  82  19:35  Roach x18, Drone x3  
  79  19:45  Roach x8  
  25  20:14  Drone x3  
  20  20:44  Infestor  
  20  20:45  Infestor x3  
  20  20:48  Zergling x10  
  20  20:49  Zergling x4  
  35  21:30  Pathogen Glands  
  28  23:27  Infestor x2  
  28  23:28  Infestor x3  
  38  24:08  Overseer  
  36  24:48  Zergling x2  
Show
View Real Time Build Order
Export as new Build Order

Matt Terran 

Build Orders: MMM Bio 

Get SALT Encoding   

  12  0:03  SCV  
  13  0:15  Supply Depot  
  13  0:25  Refinery  
  13  0:27  SCV  
  14  0:39  SCV  
  15  0:55  SCV  
  16  1:08  Barracks  
  16  1:11  SCV  
  17  1:12  Barracks  
  17  1:23  SCV  
  18  1:35  SCV, Supply Depot  
  19  1:48  SCV  
  20  1:56  Reaper  
  20  1:59  Barracks  
  20  2:00  Refinery  
  21  2:05  Reaper  
  22  2:17  Barracks  
  22  2:23  SCV  
  23  2:30  Reaper  
  23  2:35  SCV  
  25  2:40  Reaper  
  26  2:56  Reaper  
  27  3:04  Reaper x2  
  22  4:24  Orbital Command  
  22  4:28  Factory  
  22  4:31  Supply Depot  
  22  4:34  Supply Depot  
  22  4:56  SCV  
  23  5:08  SCV  
  23  5:13  Command Center, Starport  
  24  5:14  Factory Tech Lab  
  24  5:19  Barracks Tech Lab  
  24  5:21  Barracks Tech Lab  
  24  5:28  Barracks Reactor  
  24  5:34  Barracks Tech Lab  
  24  5:37  Siege Tank  
  27  5:44  Marine x2  
  27  5:49  Engineering Bay  
  29  5:54  Concussive Shells  
  29  5:55  Stimpack, Combat Shields  
  29  5:57  Marine  
  29  6:02  Marauder  
  29  6:03  Marauder  
  34  6:16  Marauder  
  34  6:17  Starport Reactor  
  36  6:20  Missile Turret  
  36  6:22  Terran Infantry Weapons Level 1, Missile Turret  
  36  6:24  Marine x2  
  36  6:25  Marine x2  
  40  6:36  Marine  
  40  6:38  SCV  
  42  6:43  Siege Tank  
  45  6:50  SCV  
  46  6:59  Marauder x3  
  46  7:00  Marine x2  
  54  7:12  Supply Depot  
  54  7:14  Orbital Command  
  54  7:39  Marine x2, Marauder x3  
  54  7:42  Medivac x2  
  66  7:49  SCV  
  67  7:52  Supply Depot  
  67  8:01  SCV  
  68  8:09  Marine x2  
  70  8:14  Marauder x3  
  70  8:17  Supply Depot  
  70  8:19  Supply Depot  
  76  8:24  SCV  
  77  8:27  Armory  
  77  8:30  Refinery  
  77  8:36  SCV  
  78  8:48  Medivac x2  
  78  8:51  Marine x3  
  85  9:24  Viking x2  
  89  9:36  Missile Turret  
  89  9:41  Marine x2  
  89  9:42  Marauder  
  93  9:50  Supply Depot, Marauder x2  
  97  9:54  Terran Infantry Armor Level 1  
  97  9:58  SCV  
  98  10:10  SCV  
  98  10:13  Supply Depot  
  99  10:28  Siege Tank  
  99  10:32  Medivac x2  
  106  10:54  Marine x2  
  106  10:55  Marine x3  
  111  11:12  Marine x3  
  86  12:30  Marine  
  86  12:31  Marine x3  
  86  12:32  Marine  
  86  12:36  Medivac x2  
  95  12:48  Marine x2  
  95  12:49  Marine x3  
  100  13:05  Terran Infantry Weapons Level 2  
  100  13:09  Marine x2  
  100  13:10  Marine x3  
  105  13:16  SCV  
  106  13:23  Medivac x2  
  110  13:28  SCV  
  111  13:40  Refinery  
  111  13:57  Viking x2  
  111  13:59  Marine  
  111  14:00  Marine x2  
  118  14:06  Supply Depot  
  118  14:15  Supply Depot  
  118  14:27  Marine x2  
  118  14:29  Supply Depot  
  120  14:49  Marine x2  
  120  14:51  Marauder x3  
  120  14:52  Supply Depot  
  128  15:17  Missile Turret  
  128  15:58  Missile Turret  
  128  16:06  Marine x4, Command Center  
  128  16:07  Marine  
  133  16:11  Terran Infantry Weapons Level 3  
  133  16:23  Marine, Missile Turret  
  133  16:24  Marine x3  
  133  16:25  Marine, Viking x2  
  117  16:59  Marine x4  
  117  17:00  Marine  
  122  17:17  Marine x4  
  122  17:18  Marine  
  127  17:30  Medivac  
  127  17:31  Medivac  
  127  17:35  Marine x4  
  127  17:36  Marine  
  136  17:47  Missile Turret  
  136  17:51  Refinery  
  136  17:52  Planetary Fortress  
  136  18:10  Refinery  
  65  18:38  Marine x2  
  65  18:39  Marauder x2  
  65  18:40  Marauder  
  55  19:14  Marine x2  
  55  19:15  Marine x2  
  35  20:13  Marine x4  
  39  20:14  Marine  
  40  20:24  Factory  
  40  20:25  Siege Tank  
  43  20:33  Supply Depot  
  40  20:48  Marauder x3  
  40  20:49  Marine x2  
  43  21:07  Marine  
  41  21:22  Factory Tech Lab  
  41  21:24  Missile Turret  
  41  21:47  Siege Tank  
  41  21:51  Marine x2  
  41  21:52  Marauder x2  
  41  21:53  Marauder  
  43  22:40  Marine x2  
  43  22:41  Marauder x2  
  43  22:42  Marauder  
  51  22:44  Viking  
  51  22:45  Viking  
  58  22:51  Siege Tank  
  58  22:54  Siege Tank  
  61  23:13  Supply Depot  
  16  24:11  Factory Tech Lab  
  16  24:14  Siege Tank  
  19  24:32  Marine x3  
  19  24:33  Marine  
  19  24:34  Marine  
  24  24:41  Refinery  
  24  25:06  Marine x4  
  24  25:07  Marine  
  29  25:21  Thor  
  35  25:24  Siege Tank  
  35  25:27  Terran Infantry Armor Level 2  
  38  25:37  Marine  
  38  25:38  Marine x2  
  38  25:39  Marine x2  
  43  25:45  Command Center  
  43  25:48  Viking x2  
  47  25:55  Marine  
  47  25:56  Marine x2  
  50  26:44  Marine x3  
  50  26:45  Marine x2  
  55  27:02  Thor  
  61  27:10  Thor  
  61  27:13  Viking x2  
Show
View Real Time Build Order
Export as new Build Order

NicolasAL Terran 

Build Orders:  

Get SALT Encoding   

  12  0:00  SCV  
  13  0:17  Supply Depot  
  13  0:18  SCV  
  14  0:31  SCV  
  15  0:42  Barracks  
  15  0:44  SCV  
  16  0:59  SCV  
  16  1:03  Refinery  
  17  1:05  Refinery  
  17  1:11  SCV  
  18  1:23  SCV  
  19  1:29  Supply Depot  
  19  1:35  SCV  
  19  1:38  Barracks Reactor  
  20  1:49  Orbital Command  
  20  2:04  Factory  
  20  2:15  SCV  
  21  2:22  Supply Depot  
  21  2:27  SCV  
  22  2:30  Engineering Bay  
  22  2:34  Marine x2  
  24  2:53  Factory Tech Lab  
  24  2:55  Marine  
  24  2:56  Marine  
  26  3:12  Starport  
  26  3:13  Marine x2  
  23  3:47  Siege Tank  
  24  4:12  Marine  
  24  4:13  Marine  
  26  4:18  SCV  
  26  4:19  Siege Tank  
  30  4:26  Hi-Sec Auto Tracking  
  30  4:30  SCV, Marine x2  
  33  4:35  Starport Reactor  
  33  4:39  Starport  
  33  4:42  SCV  
  34  5:04  SCV  
  34  5:05  Liberator  
  35  5:20  Starport Reactor  
  38  5:48  Command Center  
  38  5:53  Marine  
  39  6:00  Supply Depot  
  39  6:01  Supply Depot  
  39  6:10  Liberator x2  
  39  6:11  Liberator  
  48  6:33  SCV  
  49  6:45  SCV  
  49  6:47  Refinery x2  
  50  6:58  Siege Tank  
  53  7:11  Orbital Command  
  53  7:30  Building Armor  
  53  7:57  Siege Tank  
  59  8:22  SCV x2  
  58  8:30  Siege Tank  
  61  8:34  SCV x2  
  63  9:29  Sensor Tower, Supply Depot  
  63  9:31  Supply Depot  
  63  9:38  SCV x2  
  65  9:50  SCV x2  
  65  9:52  Supply Depot  
  67  9:55  Siege Tank, Supply Depot  
  70  10:02  SCV  
  71  10:20  SCV x2  
  73  11:07  Command Center  
  73  11:12  Sensor Tower  
  73  11:18  Siege Tank  
  76  11:19  Marine x2  
  78  11:37  Marine x2  
  80  11:55  Marine x2  
  68  12:13  Marine x2  
  63  13:02  Viking x4  
  71  13:17  SCV x2  
  73  13:29  SCV x2  
  73  13:32  Viking x2  
  79  13:41  SCV  
  80  14:07  SCV x2  
  80  14:08  Viking x3  
  80  14:09  Viking  
  90  14:24  Liberator  
  90  14:25  Liberator x3  
  90  14:38  Command Center  
  102  14:45  Sensor Tower  
  99  15:09  Refinery  
  99  15:31  Viking  
  101  15:39  Supply Depot  
  101  15:40  Supply Depot  
  101  15:49  Viking x3  
  107  16:00  SCV x2  
  107  16:03  Supply Depot x2  
  109  16:06  Planetary Fortress  
  109  16:12  SCV x2  
  111  16:24  SCV  
  112  16:26  Supply Depot  
  112  16:28  Supply Depot  
  91  16:45  Viking x2  
  91  16:46  Viking x2  
  99  16:49  Neosteel Frame  
  99  16:53  Armory  
  99  16:56  SCV  
  99  16:57  SCV  
  99  17:00  Refinery  
  101  17:01  SCV  
  102  17:09  SCV  
  103  17:38  Viking  
  103  17:39  Viking x3  
  103  17:43  Terran Vehicle Weapons Level 1  
  111  18:03  Siege Tank  
  111  18:05  Marine x2  
  116  18:15  Supply Depot  
  116  18:17  Supply Depot  
  116  18:18  Supply Depot  
  116  18:22  Marine  
  116  18:23  Marine  
  118  18:35  Siege Tank  
  118  18:37  Supply Depot  
  118  18:39  Supply Depot  
  118  18:40  Marine x2  
  118  18:41  Supply Depot  
  123  18:58  Marine x2  
  122  19:38  Terran Vehicle And Ship Armor Level 1  
  118  20:46  Sensor Tower  
  115  21:12  Siege Tank  
  115  21:32  Terran Ship Weapons Level 1  
  115  21:44  Siege Tank  
  118  21:51  Marine x2  
  120  21:57  Liberator x4  
  119  22:09  Marine x2  
  133  22:27  Marine x2  
  121  22:44  Marine  
  121  22:45  Marine  
  107  24:25  Viking  
  107  24:26  Viking x3  
  115  24:55  Viking  
  115  24:56  Viking x3  
  123  25:09  Orbital Command  
  123  25:11  Refinery  
  123  25:13  Refinery  
  123  25:19  Siege Tank  
  124  25:51  Siege Tank  
  94  27:26  Viking x4  
Show
View Real Time Build Order
Export as new Build Order

DjCG Protoss 

Build Orders:  

Get SALT Encoding   

  12  0:03  Probe  
  13  0:30  Pylon, Probe  
  14  0:43  Probe  
  14  0:48  Assimilator  
  15  0:55  Gateway  
  15  1:07  Gateway  
  15  1:11  Probe  
  16  1:23  Probe  
  17  1:35  Probe  
  18  1:43  Forge  
  18  1:50  Assimilator  
  18  1:59  Cybernetics Core  
  18  2:05  Pylon  
  18  2:08  Probe  
  19  2:11  Zealot  
  19  2:12  Zealot  
  23  2:23  Probe  
  23  2:26  Warp Gate  
  24  2:35  Probe  
  25  2:41  Photon Cannon  
  25  2:45  Photon Cannon  
  25  2:50  Stalker  
  27  3:02  Probe  
  28  3:14  Probe  
  29  3:26  Zealot  
  31  4:15  Gateway  
  31  4:18  Gateway  
  31  4:22  Gateway  
  31  4:31  Protoss Ground Weapons Level 1  
  31  5:00  Robotics Facility  
  31  5:18  Robotics Facility  
  31  5:36  Pylon  
  31  5:44  Pylon  
  31  5:59  Stalker  
  31  6:01  Stalker  
  31  6:02  Stalker  
  37  6:06  Zealot x2  
  41  6:25  Nexus  
  41  6:53  Immortal  
  45  6:54  Immortal  
  47  7:24  Nexus  
  47  7:27  Pylon  
  46  7:46  Probe  
  46  7:47  Assimilator  
  47  7:58  Probe  
  48  8:01  Stargate  
  48  8:05  Stargate  
  48  8:08  Probe  
  48  8:10  Stargate  
  49  8:17  Probe  
  49  8:21  Assimilator  
  49  8:25  Probe  
  50  8:31  Immortal  
  55  8:36  Observer, Probe  
  57  8:44  Probe  
  58  8:52  Probe  
  58  8:55  Pylon  
  58  9:01  Pylon  
  59  9:13  Void Ray x2  
  67  9:19  Void Ray  
  71  9:31  Gateway  
  71  9:32  Gateway  
  71  9:35  Gateway  
  71  9:39  Gateway  
  71  9:51  Probe  
  72  9:53  Pylon  
  72  10:00  Probe  
  72  10:04  Observer  
  73  10:46  Twilight Council  
  73  10:47  Void Ray  
  73  10:48  Void Ray  
  73  10:49  Void Ray  
  85  10:57  Robotics Bay  
  71  11:56  Probe  
  72  12:08  Probe  
  72  12:13  Dark Shrine  
  73  12:18  Templar Archives, Probe  
  74  12:26  Probe  
  74  12:35  Probe  
  75  12:42  Void Ray x2  
  84  12:47  Probe  
  85  12:59  Probe  
  86  13:25  Pylon  
  86  13:29  Pylon  
  86  13:35  Pylon  
  86  13:42  Void Ray  
  86  13:46  Colossus x2  
  102  13:57  Charge  
  102  14:00  Extended Thermal Lance  
  102  14:04  Psionic Storm  
  102  14:20  Assimilator  
  102  14:39  Shadow Stride  
  102  14:52  Nexus  
  102  15:08  Pylon  
  102  15:13  Pylon  
  102  15:26  Pylon  
  102  15:32  Photon Cannon  
  102  15:33  Photon Cannon  
  102  15:34  Photon Cannon x2  
  102  15:35  Photon Cannon  
  102  15:38  Photon Cannon  
  102  15:47  Assimilator  
  102  15:52  Assimilator  
  102  16:00  Dark Templar x2  
  102  16:01  Dark Templar x2  
  110  16:13  Probe  
  111  16:21  Probe  
  112  16:30  Probe  
  113  16:43  Probe  
  114  16:55  Probe  
  114  16:58  Zealot x2  
  114  16:59  Zealot x2  
  114  17:00  Zealot x3  
  114  17:01  Zealot x2  
  133  17:12  Probe  
  134  17:20  Probe  
  134  17:26  Stalker x2  
  134  17:27  Stalker x2  
  134  17:29  Stalker  
  145  17:31  High Templar x2  
  149  17:58  Observer Gravitic Boosters  
  149  18:03  Blink  
  149  18:16  Probe  
  112  18:28  Probe  
  83  18:40  Probe  
  44  19:13  Dark Templar x3  
  37  20:14  Zealot x2  
  37  20:15  Zealot x3  
  47  20:23  Protoss Ground Weapons Level 2  
  47  20:34  Void Ray  
  47  20:35  Fleet Beacon, Void Ray x2  
  57  20:49  Probe  
  58  20:57  Probe  
  59  21:04  Colossus  
  59  21:06  Probe  
  66  21:18  Probe  
  67  21:30  Probe  
  68  21:38  Dark Templar  
  68  21:39  Dark Templar x2  
  74  21:43  Stalker  
  74  21:44  Stalker  
  78  21:53  Forge  
  78  22:16  Protoss Air Armor Level 1  
  78  22:48  Nexus  
  78  22:52  Assimilator  
  78  22:54  Assimilator  
  72  23:27  Pylon  
  72  23:32  Pylon  
  72  23:40  Photon Cannon  
  72  23:42  Photon Cannon  
  72  23:44  Photon Cannon  
  72  23:46  Photon Cannon  
  72  23:51  Photon Cannon  
  72  23:52  Photon Cannon  
  72  23:55  Photon Cannon  
  72  23:57  Photon Cannon  
  72  24:01  Probe  
  73  24:12  Probe  
  74  24:20  Probe  
  74  24:28  Probe  
  76  24:40  Probe  
  76  24:42  Immortal  
  81  24:52  Probe  
  82  25:04  Probe  
  83  25:16  Probe  
  84  25:26  Dark Templar x2  
  84  25:27  Probe, Dark Templar x2  
  93  25:28  Dark Templar  
  93  25:31  Probe  
  96  25:35  Probe  
  97  25:43  Probe x2  
  99  25:58  Gateway  
  99  26:00  Gateway  
  99  26:03  Gateway  
  99  26:28  Archon  
  99  26:35  Void Ray x3  
Tags
 
Add a new tag
Caveats
  • Supply blocks, unpowered buildings, or Contaminate may cause inaccurate times.
  • Supply counts are checked every 10 seconds.